 Dungeon Crawl Stone Soup version 0.29-a0-322-g68df515428 (webtiles) character file.

Game seed: 8723280940919687140

5847 kae the Destroyer (level 10, -12/53 (60) HPs)
             Began as a Tengu Fire Elementalist on Apr 7, 2022.
             Was a Believer of Sif Muna.
             Mangled by a spectral orc warrior
             ... wielding a +0 mace
             ... summoned by Nergalle
              (17 damage)
             ... on level 10 of the Dungeon.
             The game lasted 00:09:44 (15472 turns).

kae the Destroyer (Tengu Fire Elementalist)        Turns: 15472, Time: 00:09:44

HP:   -12/53 (60)   AC:  4    Str: 17    XL:     10   Next: 80%
MP:   37/37         EV: 18    Int: 20    God:    Sif Muna [**....]
Gold: 1042          SH:  5    Dex: 15    Spells: 7/20 levels left

rFire   . . .      SeeInvis .   g - +6 quarterstaff "Jipputo" {venom, MP+9 Str+3}
rCold   . . .      Faith    .   (shield currently unavailable)
rNeg    . . .      Spirit   .   a - +1 robe
rPois   .          Reflect  +   (helmet restricted)
rElec   .          Harm     .   y - +0 cloak
rCorr   .          Rampage  .   (no gloves)
Will    .....                   (boots unavailable)
Stlth   ++........              q - amulet of reflection
HPRegen 0.17/turn               f - +6 ring of strength
MPRegen 0.25/turn               o - ring of magical power

@: flying quickly and evasively, heavily drained, quick
A: beak, talons 3, nimble flight
a: Renounce Religion, Channel Magic


You were on level 10 of the Dungeon.
You worshipped Sif Muna.
Sif Muna was pleased with you.
You visited 2 branches of the dungeon, and saw 11 of its levels.

You collected 1258 gold pieces.
You spent 216 gold pieces at shops.

Inventory:

Hand Weapons
 g - the +6 quarterstaff "Jipputo" (weapon) {venom, MP+9 Str+3}
   (You bought it in a shop on level 7 of the Dungeon)

   It poisons the flesh of those it strikes.
   Str:       It affects your strength (+3).
   MP:        It affects your magic capacity (+9).
 j - a +0 short sword of freezing
 t - a +0 whip of draining
 u - a +1 dagger of flaming
Missiles
 i - 4 throwing nets
Armour
 a - a +1 robe (worn)
 y - a +0 cloak (worn)
Jewellery
 f - a +6 ring of strength (left hand)
 o - a ring of magical power (right hand)
 q - an amulet of reflection (around neck)
 B - a ring of magical power
Wands
 h - a wand of iceblast (3)
 n - a wand of flame (20)
 v - a wand of polymorph (9)
 x - a wand of acid (7)
Scrolls
 c - 6 scrolls of identify
 d - 4 scrolls of teleportation
 l - 2 scrolls of vulnerability
 p - 2 scrolls of magic mapping
 A - a scroll of summoning
 C - a scroll of amnesia
Potions
 b - 2 potions of magic
 e - 3 potions of invisibility
 k - a potion of cancellation
 m - 6 potions of curing
 r - a potion of heal wounds
 s - 2 potions of mutation
 w - 3 potions of might
 z - a potion of ambrosia


   Skills:
 + Level 5.6 Fighting
 + Level 3.8 Staves
 + Level 6.1 Armour
 + Level 6.5 Dodging
 - Level 2.0 Stealth
 + Level 5.6 Spellcasting
 + Level 8.0 Conjurations
 + Level 7.1 Fire Magic
 + Level 3.7 Invocations
 + Level 3.9 Evocations


You had 7 spell levels left.
You knew the following spells:

 Your Spells              Type           Power      Damage    Failure   Level
a - Foxfire               Conj/Fire      100%       2x1d9     1%          1
b - Scorch                Fire           68%        2d8       1%          2
c - Conjure Flame         Conj/Fire      35%        6-21      1%          3
d - Inner Flame           Hex/Fire       19%        N/A       8%          3
e - Flame Wave            Conj/Fire      35%        2d8       4%          4

Your spell library contained the following spells:

 Spells                   Type           Power      Damage    Failure   Level
 Stone Arrow              Conj/Erth      42%        3d9       6%          3
 Sandblast                Erth           10%        2d5       11%         1
 Passwall                 Tmut/Erth      4%         N/A       17%         2
 Gell's Gravitas          Tloc           5%         N/A       32%         3
 Teleport Other           Tloc           5%         N/A       32%         3
 Dispersal                Tloc           2%         N/A       100%        6


Dungeon Overview and Level Annotations

Branches:
Dungeon (10/15)            Temple (1/1) D:6
   Lair: D:8-11         Orc: D:9-12

Altars:
Ashenzari
Cheibriados
Dithmenos
Elyvilon
Fedhas
Gozag
Hepliaklqana
Kikubaaqudgha
Makhleb
Nemelex Xobeh
Okawaru
Qazlal
Ru
Sif Muna
Trog
Uskayaw
Vehumet
Wu Jian
Xom
Yredelemnul
Zin
The Shining One

Shops:
D:4 [   D:6 =   D:7 (

Annotations:
D:7 exclusion: killer bee, Maggie
D:8 3 runed translucent doors, Gnu's ghost, novice DsBe
D:9 2 transporters, exclusion: ice statue, Namnaref's ghost, novice DEFE
D:10 Josephine; Nergalle


Innate Abilities, Weirdness & Mutations

You have a beak for a mouth.
You have claws for feet.
Your magical nature lets you fly swiftly and evasively.


Message History

Orcish apparitions take form around you.
The spectral orc warrior hits you with a +0 mace.
You hit the spectral orc warrior but do no damage.
You claw the spectral orc warrior, but do no damage.
You peck the spectral orc warrior, but do no damage.
The spectral orc warrior barely misses you.
The spectral orc warrior closely misses you.
The spectral orc warrior hits you with a +0 mace!
You feel drained.
Nergalle casts a spell at the spectral orc warrior.
The spectral orc warrior seems to speed up.
The spectral orc warrior closely misses you.
You block the spectral orc warrior's attack.
You hit the spectral orc warrior.
You claw the spectral orc warrior, but do no damage.
The spectral orc warrior is moderately damaged.
You block the spectral orc warrior's attack.
The spectral orc warrior hits you with a +0 mace!
* * * LOW HITPOINT WARNING * * *
The spectral orc warrior closely misses you.
The spectral orc warrior hits you with a +0 hand axe.
* * * LOW HITPOINT WARNING * * *
You feel drained.
* * * LOW HITPOINT WARNING * * *
You hit the spectral orc warrior.
The spectral orc warrior is heavily damaged.
The spectral orc warrior closely misses you.
You block the spectral orc warrior's attack.
The spectral orc warrior hits you with a +0 scimitar.
* * * LOW HITPOINT WARNING * * *
You feel drained.
The spectral orc warrior closely misses you.
The spectral orc warrior hits you with a +0 hand axe.
* * * LOW HITPOINT WARNING * * *
You hit the spectral orc warrior but do no damage.
Your kick misses the spectral orc warrior.
The spectral orc warrior is heavily damaged.
The spectral orc warrior barely misses you.
The spectral orc warrior hits you with a +0 mace!
You die...

###############################
#..........o.Z@Z....<..........
#......(.....ZZ................
#..############################
#.†# ####################
#..§§.o.. ....................
#........ ....................
#........ ..........†.........
#........ ....>...############
#?....... ........#


You could see Nergalle and 4 spectral orc warriors.

Vanquished Creatures
  A hornet (D:7)
  Sigmund (D:6)
  A wyvern (D:7)
  A wraith (D:10)
  9 yaks
  A steam dragon (D:7)
  An acid dragon (D:10)
  3 water moccasins
  6 orc warriors
  A sky beast (D:6)
  An ice beast (D:7)
  2 centaurs (D:9)
  3 ogres
  4 black bears
  A phantom (D:3)
  A kobold brigand (D:9)
  2 gnoll sergeants
  A necrophage (D:5)
  3 bullfrogs
  4 wights (D:9)
  5 killer bees (D:8)
  A jelly (D:5)
  8 orc priests
  A hound (D:6)
  Crazy Yiuf (D:6)
  2 iguanas (D:5)
  6 orc wizards
  8 gnolls
  7 adders
  A shadow imp (D:7)
  2 white imps
  2 ufetubi
  2 worms
  2 dart slugs (D:3)
  41 orcs
  6 ball pythons
  11 endoplasms
  10 giant cockroaches
  10 goblins
  4 hobgoblins
  6 jackals
  3 quokkas
  5 bats
  5 frilled lizards
  17 kobolds
  3 rats
216 creatures vanquished.

Vanquished Creatures (others)
  511 foxfires
  56 fungi (D:10)
  41 plants (D:10)
608 creatures vanquished.

Grand Total: 824 creatures vanquished

Notes
Turn   | Place    | Note
-------+----------+-------------------------------------------
     0 | D:1      | kae the Tengu Fire Elementalist began the quest for the
                  | Orb.
     0 | D:1      | Reached XP level 1. HP: 10/10 MP: 4/4
    84 | D:1      | Found a faded altar of an unknown god.
   292 | D:1      | Reached XP level 2. HP: 16/16 MP: 1/6
   396 | D:1      | Reached skill level 2 in Conjurations
  1369 | D:2      | Reached XP level 3. HP: 20/20 MP: 5/7
  1372 | D:2      | Learned a level 2 spell: Scorch
  1376 | D:2      | Learned a level 3 spell: Conjure Flame
  1555 | D:2      | Reached skill level 1 in Fighting
  1555 | D:2      | Reached skill level 1 in Armour
  1654 | D:2      | Identified the +4 plate armour of Ziejyn {Fly rF+ rC+}
  1713 | D:2      | Reached XP level 4. HP: 25/25 MP: 4/8
  3057 | D:3      | You are sucked into a shaft and drop 1 floor!
  3178 | D:4      | Reached skill level 3 in Conjurations
  3241 | D:4      | Found Onoefune's Armour Boutique.
  3308 | D:3      | Gained mutation: Your magical nature lets you fly swiftly
                  | and evasively. [Tengu growth]
  3308 | D:3      | Reached XP level 5. HP: 29/29 MP: 6/9
  3398 | D:3      | Noticed a phantom
  3818 | D:4      | Noticed an ogre
  3906 | D:4      | Killed an ogre
  4129 | D:3      | Killed a phantom
  4130 | D:3      | Reached XP level 6. HP: 15/35 MP: 11/11
  5137 | D:5      | Entered Level 5 of the Dungeon
  5379 | D:5      | Reached skill level 4 in Conjurations
  5379 | D:5      | Reached XP level 7. HP: 40/40 MP: 10/12
  6381 | D:6      | Found a staircase to the Ecumenical Temple.
  6449 | Temple   | Entered the Ecumenical Temple
  6854 | Temple   | Became a worshipper of Sif Muna the Loreminder
  6990 | D:6      | Noticed Sigmund
  7376 | D:6      | Killed Sigmund
  7377 | D:6      | Reached skill level 5 in Fire Magic
  7417 | D:6      | Found Mifualy's Jewellery Shoppe.
  7425 | D:6      | Reached skill level 5 in Conjurations
  7425 | D:6      | Reached XP level 8. HP: 46/46 MP: 14/14
  8005 | D:6      | Found a runed translucent door.
  8006 | D:6      | Noticed Crazy Yiuf
  8349 | D:6      | Killed Crazy Yiuf
  8411 | D:6      | Identified a scroll of acquirement
  8411 | D:6      | Acquired 550 gold pieces
  8545 | D:7      | Noticed a wyvern
  9144 | D:7      | Noticed Maggie
  9406 | D:7      | Noticed a hornet
  9495 | D:7      | Killed a wyvern
  9496 | D:7      | Reached skill level 5 in Dodging
  9496 | D:7      | Reached skill level 1 in Invocations
  9496 | D:7      | Reached skill level 1 in Evocations
 10060 | D:7      | Killed a hornet
 10061 | D:7      | Reached skill level 6 in Conjurations
 10061 | D:7      | Reached XP level 9. HP: 52/52 MP: 11/16
 10156 | D:7      | Found Pakkao's Antique Weapon Emporium.
 10164 | D:7      | Bought a pitted quarterstaff for 216 gold pieces
 10164 | D:7      | Identified the +6 quarterstaff "Jipputo" {venom, MP+9
                  | Str+3} (You bought it in a shop on level 7 of the Dungeon)
 10788 | D:8      | Reached skill level 1 in Staves
 10788 | D:8      | Reached skill level 5 in Armour
 10794 | D:8      | Reached * piety under Sif Muna
 11104 | D:8      | Found a runed translucent gate.
 11105 | D:8      | Found a runed translucent gate.
 11105 | D:8      | Noticed Gnu's ghost (novice DsBe)
 11106 | D:8      | Found a runed translucent gate.
 11106 | D:8      | Noticed a red ugly thing
 11284 | D:8      | Noticed a boulder beetle
 11781 | D:9      | Reached skill level 5 in Fighting
 11781 | D:9      | Reached skill level 5 in Spellcasting
 11781 | D:9      | Reached skill level 7 in Conjurations
 11786 | D:9      | Reached XP level 10. HP: 50/59 MP: 18/18
 11867 | D:9      | Found a transporter.
 11868 | D:9      | Noticed an ice statue
 11873 | D:9      | Found a transporter.
 11876 | D:9      | Noticed Namnaref's ghost (novice DEFE)
 11882 | D:9      | Noticed a deep elf pyromancer
 11902 | D:9      | Found a stormy altar of Qazlal.
 12383 | D:9      | Noticed a wizard
 13035 | D:9      | HP: 1/59 [orc warrior/+0 trident (14)]
 13077 | D:9      | Reached ** piety under Sif Muna
 13360 | D:9      | Learned a level 3 spell: Inner Flame
 13365 | D:9      | Learned a level 4 spell: Flame Wave
 13691 | D:9      | Found a transporter.
 13767 | D:9      | Found a stormy altar of Qazlal.
 13791 | D:9      | Found a transporter.
 14259 | D:10     | Entered Level 10 of the Dungeon
 14532 | D:10     | Noticed Nergalle
 14777 | D:10     | Noticed Josephine
 15242 | D:9      | Reached skill level 8 in Conjurations
 15472 | D:10     | Mangled by a spectral orc warrior

Illustrated notes

Levels and vault maps discovered:
D:1:      erik_arrival_blinker_ship, layout_rooms,
          ebering_ecumenical_altar_sacrificial
D:2:      layout_basic, serial_corexii_hall, corexii_hall_statues_deadend,
          chequers_hall_statues_corner_a
D:3:      layout_basic, serial_curves, eino_curves_01, eino_curves_01,
          eino_curves_04, minivault_26, minmay_joined_circles
D:4:      layout_rooms, serial_shops, nicolae_shop_trees
D:5:      layout_basic
D:6:      layout_gridville, temple_green, serial_shops, shop,
          uniq_crazy_yiuf_cottage, uniq_sigmund
D:7:      layout_loops_ring, serial_shops, nicolae_stop_n_shop_1, uniq_maggie
D:8:      layout_loops_ring, gammafunk_ghost_split,
          chequers_serial_rivers_micro_a
D:9:      layout_roguey [special_room_orc], nicolae_qazlal_scattered_showers,
          nzn_ghost_randoct
D:10:     layout_long_grid, due_lair_maze_entry_diamond, uniq_urug,
          uniq_nergalle, uniq_josephine
Temple:   nicolae_temple_the_god_donut

Skill      XL: |  1  2  3  4  5  6  7  8  9 10 |
---------------+-------------------------------+-----
Conjurations   | 2 3 4 5 6 7 8 |  8.0
Fighting       | 1 2 3 4 5 |  5.6
Armour         | 1 2 3 4 5 6 |  6.1
Dodging        | 3 4 5 6 |  6.5
Fire Magic     | 4 5 6 7 |  7.1
Spellcasting   | 3 4 5 |  5.6
Invocations    | 1 2 3 |  3.7
Evocations     | 1 3 |  3.9
Staves         | 2 3 |  3.8
Stealth        | |  2.0

Action                   |  1- 3 |  4- 6 |  7- 9 | 10-12 || total
-------------------------+-------+-------+-------+-------++-------
Melee: Unarmed           |     2 |       |       |       ||     2
       Kick              |     4 |     8 |     1 |    34 ||    47
       Short sword       |     3 |    14 |       |       ||    17
       Dagger            |       |    17 |       |       ||    17
       Peck              |       |     5 |     3 |    18 ||    26
       Quarterstaff      |       |       |     8 |    96 ||   104
 Cast: Foxfire           |    77 |   105 |    75 |    59 ||   316
       Scorch            |       |    23 |    74 |    55 ||   152
       Conjure Flame     |       |     1 |     8 |     5 ||    14
       Inner Flame       |       |       |       |     1 ||     1
Evoke: Wand              |       |       |     7 |       ||     7
  Use: Scroll            |       |    16 |     5 |     1 ||    22
       Potion            |       |       |     3 |     1 ||     4
 Stab: Sleeping          |     1 |       |       |       ||     1
       Distracted        |       |       |       |     1 ||     1
Armor: Robe              |     7 |     4 |     9 |    20 ||    40
       Skin              |       |       |    14 |       ||    14
Dodge: Dodged            |    10 |    40 |    52 |   145 ||   247
Block: Other             |       |     6 |    18 |    61 ||    85
       Reflection        |       |       |       |     6 ||     6

Table legend: (Time is in decaauts)
 A = Elapsed time spent in this place.
 B = Non-inter-level travel time spent in this place.
 C = Inter-level travel time spent in this place.
 D = Time resting spent in this place.
 E = Time spent auto-exploring this place.
 F = Levels seen in this place.
 G = Mean time per level.
                   A        B        C        D        E       F      G
               +--------+--------+--------+--------+--------+-----+--------+
         Total |  14929 |  14452 |    477 |   2288 |  10113 |  11 | 1357.2 |
       Dungeon |  14548 |  14106 |    442 |   2288 |   9780 |  10 | 1454.8 |
        Temple |    381 |    346 |     35 |      0 |    332 |   1 |  381.0 |
               +--------+--------+--------+--------+--------+-----+--------+

Top non-repeatable levels by time:
     D:9: 2606 daAuts
     D:3: 1964 daAuts
     D:7: 1868 daAuts
     D:5: 1704 daAuts
     D:8: 1548 daAuts
     D:1: 1192 daAuts
     D:2: 1038 daAuts
     D:6: 1035 daAuts
     D:4: 865 daAuts
    D:10: 723 daAuts
  Temple: 381 daAuts
